 Dungeon Crawl Stone Soup version 0.26-a0-639-g72c4674329 (webtiles) character file.

Game seed: 13074304295158480443

93 Apogee the Chopper (level 4, 0/41 HPs)
             Began as a Minotaur Chaos Knight on Sept 25, 2020.
             Was a Plaything of Xom.
             Slain by a crimson imp (2 damage)
             ... summoned by Xom
             ... on level 2 of the Dungeon.
             The game lasted 00:01:19 (694 turns).

Apogee the Chopper (Minotaur Chaos Knight)           Turns: 694, Time: 00:01:20

Health: 0/41       AC:  5    Str: 17    XL:     4   Next: 36%
Magic:  3/3        EV: 11    Int:  9    God:    Xom [......]
Gold:   87         SH:  0    Dex: 10    Spells: 3/3 levels left

rFire    . . .     SeeInvis .   a - +0 hand axe (chaos)
rCold    . . .     Faith    .   (no shield)
rNeg     . . .     Spirit   .   b - +2 leather armour
rPois    .         Reflect  .   (helmet restricted)
rElec    .         Harm     .   (no cloak)
rCorr    .         Rampage  .   (no gloves)
MR       .....                  (no boots)
Stlth    +.........             (no amulet)
HPRegen  0.13/turn              (no ring)
MPRegen  0.08/turn              (no ring)

@: no status effects
A: retaliatory headbutt, horns 2
a: Renounce Religion


You were on level 2 of the Dungeon.
You worshipped Xom.
You were a very special plaything of Xom.
You visited 1 branch of the dungeon, and saw 2 of its levels.

You collected 87 gold pieces.

Inventory:

Hand Weapons
 a - a +0 hand axe of chaos (weapon)
 f - a +0 hunting sling
   (You took it off a kobold on level 1 of the Dungeon)
Armour
 b - a +2 leather armour (worn)
 i - a +0 ring mail
   (You found it on level 1 of the Dungeon)
Scrolls
 e - 3 scrolls of teleportation {unknown}
 g - a scroll of enchant weapon {unknown}
 h - a scroll of identify {unknown}
Potions
 c - a potion of magic {unknown}
 d - 2 potions of curing {unknown}
 j - a potion of degeneration {unknown}


   Skills:
 + Level 4.6 Fighting
 + Level 4.7 Axes
 + Level 3.8 Armour
 - Level 1.1 Dodging


You had 3 spell levels left.
You didn't know any spells.
Your spell library was empty.

Dungeon Overview and Level Annotations

Branches:
Dungeon (2/15)

Altars:
Ru


Innate Abilities, Weirdness & Mutations

You reflexively headbutt those who attack you in melee.
You have a pair of horns on your head.


Message History

The crimson imp sputters.
The crimson imp hits you.
The crimson imp blinks!
You catch the helpless crimson imp completely off-guard!
You slash the crimson imp!
The crimson imp hits you but does no damage.
You hit the crimson imp. You freeze the crimson imp.
You headbutt the crimson imp.
The crimson imp hits you but does no damage.
The crimson imp blinks!
You hit the crimson imp.
The crimson imp convulses.
You headbutt the crimson imp.
You kill the crimson imp!
You swing at nothing.
You swing at nothing.
You swing at nothing.
You hit the worm. You hit the worm. You freeze the worm. The worm bites you!
* * * LOW HITPOINT WARNING * * *
You slash the worm!
The worm blinks!
Unknown command.
You hit the crimson imp but do no damage.
The crimson imp flickers and vanishes!
Deactivating autopickup; reactivate with Ctrl-A.
Xom is highly amused!
Something hits you.
* * * LOW HITPOINT WARNING * * *
You closely miss something. Something hits you.
* * * LOW HITPOINT WARNING * * *
You barely miss something. Your headbutt misses something. Something hits you.
* * * LOW HITPOINT WARNING * * *
You hit something but do no damage. Your headbutt misses something.
You completely miss the worm. Something hits you.
* * * LOW HITPOINT WARNING * * *
Something hits you but does no damage.
You barely miss the worm. Your headbutt misses the worm.
You closely miss something. The worm bites you.
* * * LOW HITPOINT WARNING * * *
Something hits you but does no damage.
You hit the worm. You freeze the worm. Your headbutt misses the worm.
You completely miss something. Something hits you.
* * * LOW HITPOINT WARNING * * *
You barely miss the worm. You barely miss something. The worm bites you.
* * * LOW HITPOINT WARNING * * *
Something hits you.
You die... "I guess I need a new plaything now."

##.....)...........#
...................#
....##...#)########.#
....##.........#..#.#
#..........##.#..#.#
##.###.##..# #....# .
.........#..# #..#.#.#
..##.#####...##.#...<...
......{@w..........#.#.#
.+#######'.####.#....#..
#..)#...[........ #
#...#.####......#.
.....### #.........
#._.## #.###### # .....
#. .r.# ...


You could see a worm.

Vanquished Creatures
  A bullfrog (D:2)
  A leopard gecko (D:1)
  A ball python (D:2)
  A bat (D:1)
  A giant cockroach (D:1)
  3 goblins
  A hobgoblin (D:1)
  4 jackals (D:1)
  A frilled lizard (D:1)
  3 kobolds (D:1)
  10 rats
27 creatures vanquished.

Notes
Turn   | Place    | Note
-------+----------+-------------------------------------------
     0 | D:1      | Apogee the Minotaur Chaos Knight began the quest for the
                  | Orb.
     0 | D:1      | Reached XP level 1. HP: 19/19 MP: 0/0
    26 | D:1      | XOM: potion effect (brilliance)
   130 | D:1      | Reached XP level 2. HP: 27/27 MP: 1/1
   153 | D:1      | XOM: silly message
   667 | D:2      | Found a sacrificial altar of Ru.
   669 | D:2      | XOM: summons 2 hostile demons
   670 | D:2      | Noticed a crimson imp
   670 | D:2      | Noticed a crimson imp
   670 | D:2      | an iron imp changed into a crimson imp
   671 | D:2      | Noticed a bullfrog
   671 | D:2      | an orc wizard changed into a bullfrog
   674 | D:2      | Killed a bullfrog
   674 | D:2      | Reached XP level 3. HP: 22/34 MP: 2/2
   674 | D:2      | Reached XP level 4. HP: 26/41 MP: 3/3
   694 | D:2      | HP: 2/41 [worm (3)]
   694 | D:2      | Slain by a crimson imp

Illustrated notes

Levels and vault maps discovered:
D:1:      ncdulo_halloftheorcs, layout_rooms
D:2:      layout_basic, nicolae_ru_great_annihilating_truth

Skill      XL: |  1  2 |
---------------+-------+-----
Fighting       | 4 |  4.6
Axes           | 4 |  4.7
Armour         | 3 |  3.8
Dodging        | |  1.1

Action                   |  1- 3 |  4- 6 || total
-------------------------+-------+-------++-------
Melee: Hand axe          |    63 |    15 ||    78
       Headbutt          |     8 |     3 ||    11
 Stab: Petrifying        |       |     1 ||     1
Armor: Leather armour    |    23 |     4 ||    27
Dodge: Dodged            |    41 |     2 ||    43

Table legend: (Time is in decaauts)
 A = Elapsed time spent in this place.
 B = Non-inter-level travel time spent in this place.
 C = Inter-level travel time spent in this place.
 D = Time resting spent in this place.
 E = Time spent auto-exploring this place.
 F = Levels seen in this place.
 G = Mean time per level.
                   A        B        C        D        E       F      G
               +--------+--------+--------+--------+--------+-----+--------+
         Total |    701 |    692 |      9 |      0 |    507 |   2 |  350.5 |
       Dungeon |    701 |    692 |      9 |      0 |    507 |   2 |  350.5 |
               +--------+--------+--------+--------+--------+-----+--------+

Top non-repeatable levels by time:
     D:1: 546 daAuts
     D:2: 154 daAuts
